 Dungeon Crawl Stone Soup version 0.25-a0-785-gb22c70e859 (webtiles) character file.

Game seed: 7980715721644069005, levelgen mode: deterministic

357 kae the Ruffian (level 6, 0/47 HPs)
             Began as a Draconian Transmuter on Apr 17, 2020.
             Succumbed to a worker ant's poison
             ... on level 4 of the Dungeon.
             The game lasted 00:03:53 (3536 turns).

kae the Ruffian (Draconian Transmuter)              Turns: 3536, Time: 00:03:54

Health: 0/47       AC:  9    Str: 14    XL:     6   Next: 36%
Magic:  10/11      EV: 16    Int: 13    God:
Gold:   143        SH:  0    Dex: 12    Spells: 6/12 levels left

rFire    . . .     SeeInvis .     - Unarmed
rCold    . . .     Gourm    .   (no shield)
rNeg     . . .     Faith    .   (armour unavailable)
rPois    .         Spirit   .   (helmet restricted)
rElec    .         Reflect  .   (no cloak)
rCorr    .         Harm     .   (no gloves)
MR       .....                  d - +2 pair of boots
Stlth    +.........             (no amulet)
HPRegen  0.15/turn              p - +4 ring of evasion
MPRegen  0.12/turn              (no ring)

@: lethally poisoned (0 -> -10)
A: unfitting armour, cold-blooded, AC +6
a: no special abilities


You were on level 4 of the Dungeon.
You were hungry.

You visited 1 branch of the dungeon, and saw 4 of its levels.

You collected 143 gold pieces.

Inventory:

Missiles
 a - 49 arrows
Armour
 d - a +2 pair of boots (worn)
Jewellery
 p - a +4 ring of evasion (left hand)
Wands
 g - a wand of polymorph (8)
 i - a wand of enslavement (10)
Scrolls
 h - 2 scrolls of teleportation
 q - 2 scrolls of identify
Potions
 b - a potion of degeneration
 e - a potion of might
 f - a potion of cancellation
 j - a potion of resistance
 k - a potion of brilliance
 l - a potion of haste
 m - a potion of stabbing {unknown}
 o - a potion of magic {unknown}
Comestibles
 c - 3 rations
 n - 6 chunks of flesh


   Skills:
 - Level 1.1 Fighting
 - Level 1.7 Dodging
 * Level 5.5 Unarmed Combat
 + Level 3.5 Spellcasting
 + Level 3.7 Transmutations


You had 6 spell levels left.
You knew the following spells:

 Your Spells              Type           Power        Failure   Level  Hunger
a - Beastly Appendage     Tmut           ##....       4%          1    #......
b - Sticks to Snakes      Tmut           ##......     7%          2    ##.....
c - Spider Form           Tmut/Pois      #.........   30%         3    ###....

Your spell library contained the following spells:

 Spells                   Type           Power        Failure   Level  Hunger
 Ice Form                 Ice/Tmut       #.......     69%         4    #####..
 Blade Hands              Tmut           ##........   78%         5    ######.


Dungeon Overview and Level Annotations

Branches:
Dungeon (4/15)
 Temple: D:4-7

Altars:
Elyvilon
Nemelex Xobeh
Wu Jian
Xom
Yredelemnul


Innate Abilities, Weirdness & Mutations

Your plain brown scales are hard. (AC +6)
You cannot fit into any form of body armour.
You are cold-blooded and may be slowed by cold attacks.


Message History

You feel sick.
* * * LOW HITPOINT WARNING * * *
You feel sick.
Your transformation has ended.
Your +2 pair of boots unmelds from your body.
* * * LOW HITPOINT WARNING * * *
You feel sick.
* * * LOW HITPOINT WARNING * * *
You feel sick.
* * * LOW HITPOINT WARNING * * *
You feel sick.
* * * LOW HITPOINT WARNING * * *
You feel sick.
* * * LOW HITPOINT WARNING * * *
You feel sick.
* * * LOW HITPOINT WARNING * * *
You feel sick.
* * * LOW HITPOINT WARNING * * *
You feel sick.
You die...

#.# #.# #.##..#
#.#.##.##..#
#.#.##.##..#
#.#<##.##..#
#.#.##.##..#
#.#.##@##..#
#.#.##.##..##
###########.#.##...)..#
...†..........#####..##
###########.########.#
#..........#
############


There were no monsters in sight!

Vanquished Creatures
  An orc priest (D:3)
  Terence (D:3)
  Jessica (D:3)
  2 worker ants (D:4)
  2 orc wizards (D:3)
  Ijyb (D:4)
  5 adders
  3 oozes
  An adder skeleton (D:4)
  A worm (D:2)
  3 dart slugs
  5 leopard geckos
  4 orcs
  12 bats
  2 giant cockroaches (D:1)
  9 goblins
  7 hobgoblins
  A ball python (D:3)
  7 frilled lizards
  3 kobolds (D:1)
  13 rats
  A spectral orc (D:2)
85 creatures vanquished.

Vanquished Creatures (collateral kills)
  An orc (D:3)
1 creature vanquished.

Grand Total: 86 creatures vanquished

Notes
Turn   | Place    | Note
-------+----------+-------------------------------------------
     0 | D:1      | kae the Draconian Transmuter began the quest for the Orb.
     0 | D:1      | Reached XP level 1. HP: 16/16 MP: 3/3
   463 | D:1      | Reached XP level 2. HP: 23/23 MP: 5/5
   480 | D:1      | Learned a level 2 spell: Sticks to Snakes
   996 | D:1      | Reached XP level 3. HP: 28/28 MP: 4/6
  1758 | D:2      | Reached skill level 4 in Unarmed Combat
  1948 | D:2      | Reached XP level 4. HP: 35/35 MP: 5/7
  2040 | D:2      | Found a basalt altar of Yredelemnul.
  2150 | D:2      | Found a shimmering altar of Xom.
  2319 | D:3      | Found a white marble altar of Elyvilon.
  2641 | D:3      | Noticed Jessica
  2647 | D:3      | Learned a level 3 spell: Spider Form
  2660 | D:3      | Killed Jessica
  2660 | D:3      | Reached XP level 5. HP: 40/40 MP: 6/9
  2826 | D:3      | Noticed Terence
  2837 | D:3      | Killed Terence
  2918 | D:3      | Reached skill level 5 in Unarmed Combat
  3150 | D:3      | Found an ornate altar of the Wu Jian Council.
  3273 | D:4      | Found a sparkling altar of Nemelex Xobeh.
  3294 | D:4      | Noticed Ijyb
  3329 | D:4      | Killed Ijyb
  3329 | D:4      | Reached XP level 6. HP: 42/47 MP: 8/11
  3534 | D:4      | HP: 1/47 [poisoned by a worker ant]
  3536 | D:4      | Succumbed to a worker ant's poison

Levels and vault maps discovered:
D:1:      dpeg_arrival_shelter, layout_basic
D:2:      layout_rooms, yredelemnul_forgotten_temple_becter, xom_butterflies,
          first_ration
D:3:      layout_basic, nicolae_overflow_hidden_temple, elyvilon_altar_4,
          uniq_jessica, uniq_terence
D:4:      layout_basic, minmay_misc_feat_rugged,
          nemelex_xobeh_ov_fountains_minmay, uniq_ijyb

Skill      XL: |  1  2  3  4  5 |
---------------+----------------+-----
Unarmed Combat | 4 5 |  5.5
Transmutations | 3 |  3.7
Spellcasting   | 3 |  3.5
Fighting       | |  1.1
Dodging        | |  1.7

Action                   |  1- 3 |  4- 6 || total
-------------------------+-------+-------++-------
Melee: Unarmed           |   166 |   177 ||   343
       Tailslap          |    13 |    15 ||    28
       Headbutt          |     5 |    10 ||    15
       Kick              |     1 |       ||     1
       Punch             |       |     1 ||     1
 Cast: Beastly Appendage |    27 |    19 ||    46
       Sticks to Snakes  |       |     4 ||     4
       Spider Form       |       |     5 ||     5
  Use: Scroll            |     5 |     6 ||    11
 Stab: Distracted        |     1 |       ||     1
       Sleeping          |       |     1 ||     1
  Eat: Chunk             |     4 |     6 ||    10
Armor: Skin              |    79 |    57 ||   136
Dodge: Dodged            |   139 |   166 ||   305

Table legend:
 A = Non-vault XP
 B = Vault XP
 C = Vault XP percentage of total XP
 D = Non-vault monster count
 E = Vault monster count
 F = Vault count percentage of total count
                 A         B        C        D         E       F
            +---------+---------+-------+---------+---------+-------
      Total |     402 |     108 |  21.2 |      82 |       4 |   4.7
            +---------+---------+-------+---------+---------+-------
        D:1 |      53 |       0 |   0.0 |      29 |       0 |   0.0
        D:2 |      87 |       1 |   1.1 |      24 |       1 |   4.0
        D:3 |     152 |      75 |  33.0 |      21 |       2 |   8.7
        D:4 |     110 |      32 |  22.5 |       8 |       1 |  11.1
            +---------+---------+-------+---------+---------+-------
